 Dungeon Crawl Stone Soup version 0.21.1-1-g345015fe64 (webtiles) character file.

128 Balth the Stinger (level 4, 0/31 HPs)
             Began as a Demonspawn Venom Mage on Mar 25, 2018.
             Slain by an orc
             ... wielding a +0 flail
              (11 damage)
             ... on level 3 of the Dungeon.
             The game lasted 00:11:09 (2797 turns).

Balth the Stinger (Demonspawn Venom Mage)           Turns: 2797, Time: 00:11:09

Health: 0/31       AC:  4    Str:  7 (8)  XL:     4   Next: 86%
Magic:  8/8        EV: 12    Int: 18      God:
Gold:   122        SH:  0    Dex: 12 (13) Spells: 2/8 levels left

rFire    . . .     SeeInvis .   p - +1 mace
rCold    . . .     Gourm    .   (no shield)
rNeg     . . .     Faith    .   k - +0 leather armour
rPois    .         Spirit   .   (helmet restricted)
rElec    .         Reflect  .   (no cloak)
rCorr    .         Harm     .   (no gloves)
MR       .....     Rnd*Tele +   u - +0 pair of boots
Stlth    ++........             v - amulet of magic regeneration
HPRegen  0.10/turn              s - ring of teleportation
MPRegen  0.36/turn              (no ring)

@: slowed, very slow
A: antennae 1, sturdy frame 1
a: no special abilities


You were on level 3 of the Dungeon.
You were not hungry.

You visited 1 branch of the dungeon, and saw 3 of its levels.

You collected 122 gold pieces.

Inventory:

Hand Weapons
 p - a +1 mace (weapon)
Missiles
 h - 3 javelins (quivered)
Armour
 a - a +0 robe
 k - a +0 leather armour (worn)
 u - a +0 pair of boots (worn)
Jewellery
 s - a ring of teleportation (left hand)
 v - an amulet of magic regeneration (around neck)
Wands
 r - a wand of random effects (24)
Scrolls
 e - a scroll of remove curse
 g - 2 scrolls of identify
 l - a scroll of enchant weapon
 m - a scroll of magic mapping
Potions
 f - a potion of flight
 q - 2 potions of magic
Books
 b - a Young Poisoner's Handbook

   Spells                             Type                      Level
   a - Sting                          Conjuration/Poison           1
   b - Poisonous Vapours              Poison/Air                   2
   c - Mephitic Cloud                 Conjuration/Poison/Air       3
   d - Olgreb's Toxic Radiance        Poison                       4
   e - Venom Bolt                     Conjuration/Poison           5
Comestibles
 c - 2 chunks of flesh


   Skills:
 + Level 0.9 Fighting
 + Level 1.3 Maces & Flails
 + Level 0.7 Armour
 + Level 2.0 Dodging
 + Level 2.0 Stealth
 + Level 2.9 Spellcasting
 + Level 1.4 Conjurations
 + Level 0.4 Air Magic
 + Level 3.7 Poison Magic


You had 2 spell levels left.
You knew the following spells:

 Your Spells              Type           Power        Failure   Level  Hunger
a - Sting                 Conj/Pois      ##..         6%          1    None
b - Poisonous Vapours     Pois/Air       ##....       12%         2    ##.....
c - Mephitic Cloud        Conj/Pois/Air  #.......     24%         3    ###....


Dungeon Overview and Level Annotations

Branches:
Dungeon (3/15)

Altars:
Fedhas
Okawaru


Innate Abilities, Weirdness & Mutations

You have a pair of small antennae on your head.
Your movements are slightly less encumbered by armour. (ER -2)


Message History

The stinking cloud engulfs the orc wizard.
The orc wizard is moderately wounded.
The orc wizard is engulfed in noxious fumes.
The orc wizard appears confused.
Something hits you.
The orc wizard is engulfed in noxious fumes.
The orc wizard appears confused.
Something hits you but does no damage.
You barely miss something.
The orc wizard is engulfed in noxious fumes.
The orc wizard appears confused.
Something hits you.
The orc wizard shouts, "What's happening?!"
You miss something. Something hits you but does no damage. Something hits you!
You are confused.
You feel invigorated. Something hits you.
You bump into the rock wall.
You feel less invigorated.
You feel less confused. Something hits you!
You closely miss something. Something hits you.
Something hits you but does no damage.
You closely miss something. Something hits you!
You die...

#.#.#. .
####....# ##.
........###
..#
#.......######
#.#
#.o........o.#
#.#
#.......####)#
#.# ##(...###
#)####.#
#....#
#†).(((.
#@#.##
######.# #{#.#
#.# #.#.# ..#
# #)#># ####
#####.#.#.#
........).#
#####.).###
#.### #{


You could see an orc wizard (confused).

Vanquished Creatures
  3 adders
  An ooze (D:3)
  4 worms
  3 dart slugs
  A leopard gecko (D:2)
  7 orcs (D:3)
  2 giant cockroaches (D:2)
  4 goblins (D:1)
  10 hobgoblins
  13 kobolds
  A quokka (D:3)
  7 bats
  3 frilled lizards
  11 rats
70 creatures vanquished.

Notes
Turn   | Place    | Note
-------+----------+-------------------------------------------
     0 | D:1      | Balth the Demonspawn Venom Mage began the quest for the Orb.
     0 | D:1      | Reached XP level 1. HP: 13/13 MP: 3/3
   397 | D:1      | Gained mutation: You have a pair of small antennae on your head. [demonic ancestry]
   397 | D:1      | Reached XP level 2. HP: 8/19 MP: 0/5
   449 | D:1      | Learned a level 2 spell: Poisonous Vapours
  1449 | D:2      | Gained mutation: Your movements are slightly less encumbered by armour. (ER -2) [demonic ancestry]
  1449 | D:2      | Reached XP level 3. HP: 12/25 MP: 4/6
  1608 | D:2      | Learned a level 3 spell: Mephitic Cloud
  1846 | D:2      | Found a blossoming altar of Fedhas.
  1983 | D:2      | Reached XP level 4. HP: 29/31 MP: 0/8
  2097 | D:2      | Reached skill level 1 in Maces & Flails
  2179 | D:2      | Found an iron altar of Okawaru.
  2797 | D:3      | Slain by an orc

Skill      XL: |  1  2  3  4 |
---------------+-------------+-----
Stealth        | 2 |  2.0
Dodging        | 2 |  2.0
Maces & Flails | 1 |  1.3
Fighting       | |  0.9
Armour         | |  0.7
Spellcasting   | |  2.9
Conjurations   | |  1.4
Air Magic      | |  0.4
Poison Magic   | |  3.7

Action                   |  1- 3 |  4- 6 || total
-------------------------+-------+-------++-------
Melee: Unarmed           |    21 |       ||    21
       Mace              |    45 |    35 ||    80
 Cast: Sting             |    42 |    34 ||    76
       Poisonous Vapours |     7 |     7 ||    14
       Mephitic Cloud    |       |     4 ||     4
  Use: Scroll            |       |    10 ||    10
       Potion            |       |     8 ||     8
 Stab: Sleeping          |     2 |       ||     2
  Eat: Ration            |     2 |       ||     2
       Chunk             |       |     1 ||     1
Armor: Leather armour    |    18 |    20 ||    38
Dodge: Dodged            |    50 |    36 ||    86
